 Dungeon Crawl Stone Soup version 0.30-a0-4-ga7cffc901d (webtiles) character file.

Game seed: 11252456335630321260

139 ytrimaz the Insei (level 5, -1/41 HPs)
             Began as a Demonspawn Monk on Aug 22, 2022.
             Slain by Menkaure (11 damage)
             ... on level 4 of the Dungeon.
             The game lasted 00:03:18 (2992 turns).

ytrimaz the Insei (Demonspawn Monk)                 Turns: 2992, Time: 00:03:19

Health: -1/41      AC:  7    Str: 17    XL:     5   Next: 1%
Magic:  5/5        EV: 14    Int: 13    God:
Gold:   144        SH:  0    Dex: 20    Spells: 4/4 levels left

rFire   . . .      SeeInvis .      - Unarmed
rCold   . . .      Faith    .    (no shield)
rNeg    . . .      Spirit   .    a - +1 robe
rPois   .          Reflect  .    (no helmet)
rElec   .          Harm     .    (no cloak)
rCorr   .          Rampage  .    (no gloves)
Will    .....                    (no boots)
Stlth   ++++......               (no amulet)
HPRegen 0.13/turn                c - +4 ring of protection
MPRegen 0.09/turn                e - +6 ring of strength

@: no status effects
A: thin skeletal structure 2, powered by pain 2
a: no special abilities


You were on level 4 of the Dungeon.
You visited 1 branch of the dungeon, and saw 4 of its levels.

You collected 144 gold pieces.

Inventory:

Armour
 a - a +1 robe (worn)
Jewellery
 b - a ring of resist corrosion
 c - a +4 ring of protection (left hand)
 e - a +6 ring of strength (right hand)
Wands
 i - a wand of flame (8)
Scrolls
 g - a scroll of teleportation
 j - a scroll of identify
Potions
 d - 2 potions of heal wounds {unknown}
 f - a potion of cancellation {unknown}
 h - a potion of degeneration {unknown}


   Skills:
 + Level 3.6 Fighting
 + Level 3.7 Dodging
 - Level 1.7 Stealth
 + Level 4.1 Unarmed Combat


You had 4 spell levels left.
You didn't know any spells.
Your spell library contained the following spells:

 Spells                   Type           Power      Damage    Failure   Level
 Apportation              Tloc           0%         N/A       30%         1
 Necrotise                Necr           0%         1d4       30%         1
 Sting                    Tmut/Pois      0%         1d3       30%         1
 Summon Small Mammal      Summ           0%         N/A       30%         1
 Poisonous Vapours        Pois/Air       0%         N/A       43%         2
 Olgreb's Toxic Radiance  Pois           0%         N/A       97%         4


Dungeon Overview and Level Annotations

Branches:
Dungeon (4/15)             Temple (0/1) D:4

Altars:

Shops:
D:3 !

Annotations:
D:4 Menkaure


Innate Abilities, Weirdness & Mutations

You have a moderately thin skeletal structure. (Dex +4, Stealth++)
You sometimes gain power by taking damage.


Message History

No target in view!
Found a ring mail.
As you read the scroll of identify, it crumbles to dust.
g - a scroll of teleportation
i - a wand of flame (8)
j - a scroll of identify Menkaure, Prince of Dust comes into view.
Menkaure is nearby!
Menkaure is nearby!
A goblin comes into view. It is wielding a +0 club.
You see here 9 gold pieces.
You now have 144 gold pieces (gained 9).
Found a staircase to the Ecumenical Temple.
The helpless Menkaure fails to defend himself.
You hit Menkaure but do no damage. Menkaure breathes soot at you.
Menkaure hits you!!
The goblin shouts!
You hit Menkaure but do no damage. You punch Menkaure.
Menkaure is lightly damaged.
The goblin unwields a +0 club.
The goblin wields a +0 sling.
The goblin shoots a sling bullet.
The sling bullet closely misses you. Menkaure hits you.
You hit Menkaure.
Menkaure is moderately damaged.
You barely miss Menkaure.
Menkaure is moderately damaged.
The goblin unwields a +0 sling.
The goblin wields a +0 club.
The goblin hits you with a +0 club. Menkaure closely misses you.
You hit Menkaure.
Menkaure is moderately damaged.
Menkaure calls on the powers of darkness!
Your body is wracked with pain!
* * * LOW HITPOINT WARNING * * *
The goblin convulses!
The goblin completely misses you.
Unknown command.
You punch the goblin!
You kill the goblin!
Menkaure hits you!
You die...

..# ..# ..# #.#
#.# #.# ### #
#M#
....#.#@#######
P.P....)......#
#.###.........#
#P.........#
>.....###.####
...#P#. #.# #.
#.####.###.#
##. P. #.....##
..
....##...#####
##.#


You could see Menkaure.

Vanquished Creatures
  Jessica (D:2)
  A gnoll (D:1)
  An adder (D:3)
  A white imp (D:3)
  2 worms (D:2)
  4 dart slugs
  7 orcs (D:3)
  7 ball pythons
  5 endoplasms
  7 giant cockroaches
  5 goblins
  4 hobgoblins
  8 jackals (D:2)
  2 quokkas (D:1)
  2 bats (D:1)
  2 frilled lizards
  2 kobolds
  2 rats
63 creatures vanquished.

Notes
Turn   | Place    | Note
-------+----------+-------------------------------------------
     0 | D:1      | ytrimaz the Demonspawn Monk began the quest for the Orb.
     0 | D:1      | Reached XP level 1. HP: 18/18 MP: 1/1
   265 | D:1      | Gained mutation: You sometimes gain a little power by
                  | taking damage. [demonic ancestry]
   265 | D:1      | Reached XP level 2. HP: 16/24 MP: 2/2
   276 | D:1      | Reached skill level 3 in Unarmed Combat
   773 | D:1      | Gained mutation: You have a somewhat thin skeletal
                  | structure. (Dex +2, Stealth+) [demonic ancestry]
   773 | D:1      | Reached XP level 3. HP: 17/29 MP: 3/3
  1191 | D:2      | Noticed Jessica
  1204 | D:2      | Killed Jessica
  1205 | D:2      | Gained mutation: You have a moderately thin skeletal
                  | structure. (Dex +4, Stealth++) [demonic ancestry]
  1205 | D:2      | Reached XP level 4. HP: 13/35 MP: 4/4
  2244 | D:3      | Reached skill level 4 in Unarmed Combat
  2371 | D:3      | Found Wugreag's Distillery.
  2627 | D:3      | Gained mutation: You sometimes gain power by taking damage.
                  | [demonic ancestry]
  2627 | D:3      | Reached XP level 5. HP: 41/41 MP: 5/5
  2980 | D:4      | Noticed Menkaure
  2984 | D:4      | Found a staircase to the Ecumenical Temple.
  2992 | D:4      | Slain by Menkaure

Illustrated notes

Levels and vault maps discovered:
D:1:      tarquinn_simple_flora_water_c, layout_basic
D:2:      layout_loops_cross, uniq_jessica
D:3:      layout_loops_cross, serial_shops, shop
D:4:      layout_rooms, mainiacjoe_overflow_chevrons,
          minmay_temple_entry_gardened_gates, serial_bayou_pond_e,
          uniq_menkaure, uniq_duvessa, uniq_natasha

Skill      XL: |  1  2  3  4 |
---------------+-------------+-----
Dodging        | 3 |  3.7
Unarmed Combat | 3 4 |  4.1
Fighting       | |  3.6
Stealth        | |  1.7

Action                   |  1- 3 |  4- 6 || total
-------------------------+-------+-------++-------
Melee: Unarmed           |   104 |   130 ||   234
       Punch             |     2 |     3 ||     5
  Use: Potion            |     2 |       ||     2
       Scroll            |     1 |     3 ||     4
 Stab: Sleeping          |     6 |    13 ||    19
Armor: Robe              |    41 |    28 ||    69
       Skin              |    19 |       ||    19
Dodge: Dodged            |    73 |    80 ||   153

Table legend: (Time is in decaauts)
 A = Elapsed time spent in this place.
 B = Non-inter-level travel time spent in this place.
 C = Inter-level travel time spent in this place.
 D = Time resting spent in this place.
 E = Time spent auto-exploring this place.
 F = Levels seen in this place.
 G = Mean time per level.
                   A        B        C        D        E       F      G
               +--------+--------+--------+--------+--------+-----+--------+
         Total |   2976 |   2842 |    134 |    259 |   1993 |   4 |  744.0 |
       Dungeon |   2976 |   2842 |    134 |    259 |   1993 |   4 |  744.0 |
               +--------+--------+--------+--------+--------+-----+--------+

Top non-repeatable levels by time:
     D:1: 1049 daAuts
     D:2: 1012 daAuts
     D:3: 857 daAuts
     D:4: 57 daAuts
